 Dungeon Crawl Stone Soup version 0.21-a0-221-gfe971b9 (webtiles) character file.

1144 Kidiri the Thaumaturge (level 8, -3/41 HPs)
             Began as a Deep Elf Fire Elementalist on Aug 24, 2017.
             Slain by a goblin
             ... wielding a +0 hand axe
              (4 damage)
             ... in a bailey.
             The game lasted 00:34:03 (5291 turns).

Kidiri the Thaumaturge (Deep Elf Fire Elementalist) Turns: 5291, Time: 00:34:03

Health: -3/41      AC:  6    Str:  8    XL:     8   Next: 15%
Magic:  1/22       EV: 13    Int: 23    God:
Gold:   247        SH:  0    Dex: 15    Spells: 6/24 levels left

rFire    + + .     SeeInvis .   e - +1 dagger
rCold    + . .     Gourm    .   (no shield)
rNeg     . . .     Faith    .   m - +2 robe {rF+}
rPois    +         Spirit   .   o - +0 helmet
rElec    .         Reflect  .   g - scarf {rC+ rF+}
rCorr    .         Harm     .   (no gloves)
MR       .....                  s - +0 pair of boots
Stlth    +++.......             (no amulet)
HPRegen  0.13/turn              h - -2 ring of strength (curse)
MPRegen  0.18/turn              q - ring of poison resistance

@: mighty, very slightly contaminated
A: no striking features
a: no special abilities


You were in a bailey.
You were very hungry.

You visited 1 branch of the dungeon, and saw 7 of its levels.
You also visited: Bailey.

You collected 247 gold pieces.

Inventory:

Hand Weapons
 e - a +1 dagger (weapon)
Armour
 g - a scarf of resistance (worn)
 m - a +2 robe of fire resistance (worn)
 o - a +0 helmet (worn)
 s - a +0 pair of boots (worn)
Jewellery
 h - a cursed -2 ring of strength (left hand)
 q - a ring of poison resistance (right hand)
 y - an uncursed amulet of guardian spirit
Wands
 j - a wand of confusion (36/48)
 z - a wand of iceblast (10/15)
Scrolls
 p - a scroll of fear
 v - a scroll of teleportation
 x - a scroll of blinking
 A - a scroll of recharging
Potions
 f - a potion of lignification
 k - 2 potions of agility
 l - a potion of curing
 n - a potion of heal wounds {unknown}
 t - a potion of invisibility {unknown}
 u - a potion of might
 w - a potion of flight {unknown}
Books
 b - a book of Flames

   Spells                             Type                      Level
   a - Flame Tongue                   Conjuration/Fire             1
   b - Throw Flame                    Conjuration/Fire             2
   c - Conjure Flame                  Conjuration/Fire             3
   d - Inner Flame                    Hexes/Fire                   3
   e - Sticky Flame                   Conjuration/Fire             4
   f - Fireball                       Conjuration/Fire             5
Comestibles
 a - 2 fruits
 c - 4 bread rations
 d - 2 royal jellies
 i - 3 meat rations


   Skills:
 + Level 0.2 Fighting
 + Level 0.4 Short Blades
 + Level 0.2 Armour
 + Level 3.1 Dodging
 - Level 4.0 Stealth
 * Level 8.7 Spellcasting
 + Level 5.1 Conjurations
 + Level 6.0 Fire Magic


You had 6 spell levels left.
You knew the following spells:

 Your Spells              Type           Power        Failure   Level  Hunger
a - Flame Tongue          Conj/Fire      #####        1%          1    None
b - Throw Flame           Conj/Fire      #####.       1%          2    None
c - Conjure Flame         Conj/Fire      #####...     1%          3    None
d - Inner Flame           Hex/Fire       ###.....     5%          3    None
e - Sticky Flame          Conj/Fire      #####...     6%          4    ##.....
f - Fireball              Conj/Fire      #####.....   19%         5    ####...


Dungeon Overview and Level Annotations

Branches:
Dungeon (7/15)
 Temple: D:4-7

Altars:
Ashenzari
Cheibriados
Dithmenos
Hepliaklqana
Kikubaaqudgha
Sif Muna
The Shining One


Message History

Press: ? - help, Shift-Dir - straight line, f/p - orc warrior
Aim: an orc warrior, wielding a war axe and wearing a chain mail (severely wounded)
The flame tongue hits the orc warrior.
The orc warrior is almost dead.
The orc warrior barely misses you.
It was a potion of might.
You feel very mighty all of a sudden.
The orc warrior hits you with a war axe.
You barely miss the orc warrior.
The orc warrior is almost dead.
The goblin closely misses you.
You closely miss the orc warrior.
The orc warrior is almost dead.
The orc warrior hits you with a war axe.
You closely miss the orc warrior.
The orc warrior is almost dead.
The orc warrior hits you with a war axe!
* * * LOW HITPOINT WARNING * * *
The goblin closely misses you. The goblin hits you with a hand axe.
You die...

##### #.∩.#
###...###
#.......#
#...@g..#
#...og..#
#.......#
####.......####
≈≈≈....)....≈≈≈
≈≈≈≈≈≈...≈≈≈≈≈≈
≈≈≈≈≈≈...≈≈≈≈≈≈
≈≈≈≈≈≈...≈≈≈≈≈≈
≈≈≈≈≈≈...≈≈≈≈≈≈


You could see an orc warrior and 2 goblins.

Vanquished Creatures
  An orc warrior (Bailey)
  A sky beast (D:5)
  An ogre (D:5)
  A scorpion (D:5)
  A water moccasin skeleton (D:5)
  3 centaur skeletons
  6 hounds
  2 jellies
  A bullfrog skeleton (D:5)
  An orc priest (D:6)
  5 orc wizards
  Jessica (D:2)
  2 worker ants (D:5)
  A gnoll (D:5)
  8 adders
  A worm (D:2)
  4 dart slugs
  6 leopard geckos
  9 orcs
  9 giant cockroaches
  8 hobgoblins
  9 jackals
  A quokka (D:3)
  5 bats
  3 frilled lizards
  7 goblins
  5 kobolds
  A leopard gecko skeleton (D:4)
  5 rats
108 creatures vanquished.

Notes
Turn   | Place    | Note
-------+----------+-------------------------------------------
     0 | D:1      | Kidiri the Deep Elf Fire Elementalist began the quest for the Orb.
     0 | D:1      | Reached XP level 1. HP: 10/10 MP: 6/6
   215 | D:1      | Reached XP level 2. HP: 15/15 MP: 4/8
   221 | D:1      | Learned a level 2 spell: Throw Flame
   954 | D:2      | Noticed Jessica
   957 | D:2      | Killed Jessica
   957 | D:2      | Reached XP level 3. HP: 19/19 MP: 7/10
   965 | D:2      | Learned a level 3 spell: Conjure Flame
   969 | D:2      | Learned a level 3 spell: Inner Flame
  1089 | D:2      | Reached XP level 4. HP: 22/24 MP: 5/11
  1251 | D:2      | Reached skill level 4 in Spellcasting
  1637 | D:3      | Found a deep blue altar of Sif Muna.
  1779 | D:3      | Reached XP level 5. HP: 10/28 MP: 0/13
  2273 | D:3      | Found a glowing golden altar of the Shining One.
  2651 | D:3      | Learned a level 4 spell: Sticky Flame
  2708 | D:3      | Reached skill level 5 in Spellcasting
  2848 | D:3      | Reached XP level 6. HP: 28/32 MP: 12/15
  3215 | D:4      | Found a shattered altar of Ashenzari.
  3775 | D:5      | Entered Level 5 of the Dungeon
  3818 | D:5      | Reached skill level 5 in Fire Magic
  3826 | D:5      | Reached skill level 6 in Spellcasting
  4117 | D:5      | Reached XP level 7. HP: 36/36 MP: 9/18
  4124 | D:5      | Learned a level 5 spell: Fireball
  4220 | D:5      | Reached skill level 7 in Spellcasting
  4777 | D:6      | Found a shadowy altar of Dithmenos.
  4821 | D:6      | Reached skill level 8 in Spellcasting
  4877 | D:6      | Found a snail-covered altar of Cheibriados.
  4929 | D:6      | Found a hazy altar of Hepliaklqana.
  4961 | D:6      | Found an ancient bone altar of Kikubaaqudgha.
  5079 | D:7      | Reached skill level 5 in Conjurations
  5079 | D:7      | Reached XP level 8. HP: 20/41 MP: 1/22
  5084 | D:7      | Found a flagged portal.
  5230 | Bailey   | Entered a bailey
  5291 | Bailey   | HP: 1/41 [orc warrior/war axe (13)]
  5291 | Bailey   | Slain by a goblin

Vault maps used:
D:1:      dpeg_arrival_leaves_temple_mockup
D:2:      uniq_jessica
D:3:      nicolae_overflow_hidden_temple, tso_altar, first_bread
D:4:      evilmike_ruin_ashenzari
D:6:      kiku_gazebo_pond_becter, nicolae_dithmenos_shadow_blocks,
          kennysheep_mini_moat, minmay_temple_entry_hall,
          hangedman_feature_mirror
D:7:      kennysheep_mini, enter_bailey_8, the_bakery
Bailey:   bailey_axe_of_yendor_kennysheep, bailey

Skill      XL: |  1  2  3  4  5  6  7  8 |
---------------+-------------------------+-----
Stealth        | 3 4 |  4.0
Conjurations   | 2 3 4 5 |  5.1
Fire Magic     | 4 5 6 |  6.0
Spellcasting   | 4 5 6 8 |  8.7
Dodging        | 3 |  3.1
Fighting       | |  0.2
Short Blades   | |  0.4
Armour         | |  0.2

Action                   |  1- 3 |  4- 6 |  7- 9 || total
-------------------------+-------+-------+-------++-------
Melee: Unarmed           |     3 |       |       ||     3
       Dagger            |     4 |   106 |    18 ||   128
 Cast: Flame Tongue      |    47 |    82 |    41 ||   170
       Throw Flame       |     7 |     9 |    12 ||    28
       Conjure Flame     |       |     2 |       ||     2
       Inner Flame       |       |     1 |       ||     1
       Sticky Flame      |       |     6 |     9 ||    15
       Fireball          |       |       |     1 ||     1
Evoke: Wand              |       |    10 |       ||    10
  Use: Scroll            |     4 |     9 |     2 ||    15
       Potion            |       |     2 |     1 ||     3
 Stab: Sleeping          |     3 |     7 |     1 ||    11
  Eat: Chunk             |     1 |    10 |     4 ||    15
Armor: Robe              |     5 |    37 |     6 ||    48
Dodge: Dodged            |    12 |   127 |    29 ||   168

Table legend:
 A = Spawn XP
 B = Non-spawn XP
 C = Spawn XP percentage of total XP
 D = Spawn monster count
 E = Non-spawn monster count
 F = Spawn count percentage of total count
 G = Total turns spent on level
                    A         B        C        D         E        F      G
               +---------+---------+-------+---------+---------+-------+---------
         Total |     218 |    1417 |  13.3 |      16 |      92 |  14.8 |  5291
               +---------+---------+-------+---------+---------+-------+---------
           D:1 |       7 |      33 |  17.5 |       4 |      19 |  17.4 |   988
           D:2 |      17 |      91 |  15.7 |       2 |      14 |  12.5 |   686
           D:3 |       5 |     236 |   2.1 |       3 |      23 |  11.5 |  1482
           D:4 |       0 |      52 |   0.0 |       0 |       6 |   0.0 |   636
           D:5 |     142 |     642 |  18.1 |       4 |      17 |  19.0 |   978
           D:6 |      47 |     108 |  30.3 |       3 |       8 |  27.3 |   277
           D:7 |       0 |     119 |   0.0 |       0 |       4 |   0.0 |   183
        Bailey |       0 |     136 |   0.0 |       0 |       1 |   0.0 |    61
               +---------+---------+-------+---------+---------+-------+---------
